 Dungeon Crawl Stone Soup version 0.21.1-1-g345015f (webtiles) character file.

331 Spyridon the Covered (level 6, -7/53 HPs)
             Began as a Minotaur Fighter on May 20, 2018.
             Was an Initiate of Nemelex Xobeh.
             Killed from afar by a quokka (18 damage)
             ... with an exploding inner flame
             ... hexed by the player character
             ... on level 4 of the Dungeon.
             The game lasted 00:34:26 (2658 turns).

Spyridon the Covered (Minotaur Fighter)             Turns: 2658, Time: 00:34:27

Health: -7/53      AC: 13    Str: 23    XL:     6   Next: 26%
Magic:  5/5        EV:  5    Int:  5    God:    Nemelex Xobeh [......]
Gold:   101        SH:  9    Dex:  6    Spells: 5/5 levels left

rFire    . . .     SeeInvis +   b - +2 trident (pierce)
rCold    . . .     Gourm    .   c - +0 shield
rNeg     . . .     Faith    .   s - +0 plate armour
rPois    .         Spirit   .   (helmet restricted)
rElec    .         Reflect  .   v - +0 cloak
rCorr    .         Harm     .   (no gloves)
MR       .....                  (no boots)
Stlth    ..........             (no amulet)
HPRegen  0.17/turn              n - ring of see invisible
MPRegen  0.09/turn              w - -3 ring of dexterity (curse)

@: lethally poisoned (-7 -> -10)
A: retaliatory headbutt, horns 2
a: Renounce Religion


You were on level 4 of the Dungeon.
You worshipped Nemelex Xobeh.
Nemelex Xobeh was noncommittal.
You were not hungry.

You visited 1 branch of the dungeon, and saw 4 of its levels.

You collected 101 gold pieces.

Inventory:

Hand Weapons
 a - a +1 war axe
 b - a +2 trident of piercing (weapon)
Missiles
 g - 163 stones (quivered)
 i - 5 tomahawks
Armour
 c - a +0 shield (worn)
 s - a +0 plate armour (worn)
 v - a +0 cloak (worn)
Jewellery
 n - a ring of see invisible (left hand)
 o - an uncursed ring of wizardry
 w - a cursed -3 ring of dexterity (right hand)
 x - an uncursed ring of ice {unknown}
Scrolls
 m - a scroll of immolation
 t - 2 scrolls of identify
Potions
 d - a potion of might
 e - 2 potions of magic {unknown}
 h - a potion of haste
 j - 2 potions of mutation
 k - 3 potions of curing
 l - a potion of lignification
 r - 2 potions of heal wounds {unknown}
 z - a potion of brilliance {unknown}
Miscellaneous
 q - a plain deck of destruction {drawn: 4}
Comestibles
 f - 5 rations


   Skills:
 + Level 4.4 Fighting
 + Level 3.6(3.7) Axes
 + Level 0.5(2.3) Polearms
 + Level 2.3 Throwing
 + Level 5.6 Armour
 + Level 1.0 Dodging
 + Level 5.0 Shields


You had 5 spell levels left.
You didn't know any spells.

Dungeon Overview and Level Annotations

Branches:
Dungeon (4/15)
 Temple: D:4-7

Altars:
Nemelex Xobeh
Zin


Innate Abilities, Weirdness & Mutations

You reflexively headbutt those who attack you in melee.
You have a pair of horns on your head.


Message History

You feel sick.
You closely miss the quokka.
The quokka bites you but does no damage.
The quokka bites you.
* * * LOW HITPOINT WARNING * * *
As you read the scroll labeled AGIAM OHEU, it crumbles to dust.
It is a scroll of enchant weapon.
Your +0 war axe glows red for a moment.
You feel sick.
The quokka bites you but does no damage.
Evoke which item? (* to show all) (? for menu, Esc to quit)
You draw a card...
It is Pain.
You have drawn Pain.
Press: ? - help, Shift-Dir - straight line, f - quokka
Aim: a quokka (inner flame)
The quokka struggles to resist.
The quokka barely misses you. You furiously retaliate!
You headbutt the quokka.
The quokka explodes!
The fiery explosion engulfs you!
You die...
Your body disappears without a glow.

.<. #..# ... # ..
#.###.#
####.§§#§# # ..
......§§§§#§#....
.....#§§)§.......
......§§@§..#....
.....§§.##.).....
.%...##.# ...#...
###.# #.. .)## ##
#. ... ..# . ..
... .#. #.%. ...


There were no monsters in sight!

Vanquished Creatures
  A phantom (D:2)
  A scorpion (D:4)
  A jelly (D:4)
  An orc priest (D:3)
  6 adders
  A worm (D:2)
  2 dart slugs
  5 orcs (D:3)
  4 bats
  3 giant cockroaches
  9 goblins
  8 hobgoblins
  3 jackals (D:2)
  2 quokkas
  2 frilled lizards
  6 kobolds
  3 rats
58 creatures vanquished.

Vanquished Creatures (collateral kills)
  An orc priest (D:3)
  An orc (D:3)
2 creatures vanquished.

Grand Total: 60 creatures vanquished

Notes
Turn   | Place    | Note
-------+----------+-------------------------------------------
     0 | D:1      | Spyridon the Minotaur Fighter began the quest for the Orb.
     0 | D:1      | Reached XP level 1. HP: 19/19 MP: 0/0
   289 | D:1      | Reached XP level 2. HP: 27/27 MP: 1/1
   761 | D:2      | Noticed a phantom
   769 | D:2      | Killed a phantom
   769 | D:2      | Reached XP level 3. HP: 22/34 MP: 2/2
   769 | D:2      | Reached XP level 4. HP: 27/41 MP: 3/3
   883 | D:2      | Reached skill level 1 in Throwing
   919 | D:2      | Found a sparkling altar of Nemelex Xobeh.
  1065 | D:2      | Became a worshipper of Nemelex Xobeh the Trickster
  1215 | D:2      | Reached XP level 5. HP: 47/47 MP: 4/4
  1238 | D:2      | Found a glowing silver altar of Zin.
  1239 | D:2      | Found a sparkling altar of Nemelex Xobeh.
  1285 | D:2      | Received a gift from Nemelex Xobeh
  1308 | D:2      | Reached skill level 5 in Armour
  2638 | D:4      | Reached skill level 1 in Dodging
  2640 | D:4      | Reached XP level 6. HP: 48/53 MP: 5/5
  2653 | D:4      | Reached skill level 5 in Shields
  2658 | D:4      | Killed from afar by a quokka

Skill      XL: |  1  2  3  4  5  6 |
---------------+-------------------+-----
Fighting       | 4 |  4.4
Armour         | 4 5 |  5.6
Axes           | 3 |  3.6
Shields        | 4 5 |  5.0
Throwing       | 1 2 |  2.3
Dodging        | 1 |  1.0
Polearms       | |  0.5

Action                   |  1- 3 |  4- 6 || total
-------------------------+-------+-------++-------
Melee: War axe           |    23 |    81 ||   104
       Headbutt          |     4 |    16 ||    20
       Spear             |       |     2 ||     2
       Hand axe          |       |    12 ||    12
       Trident           |       |    14 ||    14
Throw: Tomahawk          |    14 |    22 ||    36
       Stone             |     3 |    26 ||    29
Evoke: Deck              |       |     4 ||     4
  Use: Scroll            |       |     8 ||     8
  Eat: Ration            |       |     2 ||     2
Armor: Scale mail        |    14 |    54 ||    68
       Plate armour      |       |    31 ||    31
Dodge: Dodged            |     7 |    29 ||    36
Block: Shield            |    10 |    78 ||    88
